Map: Interloper LE

Players

FireHawk - Winner!

  • Race: Terran Terran
  • League: Diamond
  • Spawn Location: 11:00

Robola

  • Race: Terran Terran
  • League: Diamond
  • Spawn Location: 5:00

VOD

Have the link to the VOD?

Description

Time

  • Played on: Sept. 13, 2017, 12:25 p.m.
  • Length: 10:34
Show
View Real Time Build Order
Export as new Build Order

FireHawk Terran - Winner!

Build Orders: Cyclone Opening 

Get SALT Encoding   

  12  0:01  SCV  
  13  0:13  SCV  
  14  0:17  Supply Depot  
  14  0:24  Refinery  
  14  0:29  SCV  
  15  0:41  SCV  
  16  0:46  Barracks  
  16  0:52  Refinery  
  16  0:58  SCV  
  17  1:10  SCV  
  18  1:37  Reaper  
  18  1:40  Factory  
  18  1:46  Orbital Command  
  18  1:59  Supply Depot  
  18  2:11  Reaper  
  18  2:13  SCV  
  20  2:27  Cyclone  
  23  2:45  Starport, Barracks Tech Lab  
  23  2:50  Supply Depot  
  23  2:54  SCV  
  24  3:05  Cyclone  
  27  3:10  SCV  
  28  3:22  SCV  
  28  3:24  Medivac  
  32  3:34  SCV  
  32  3:38  Factory Tech Lab  
  32  3:45  Supply Depot  
  32  3:46  SCV  
  33  3:58  SCV  
  34  4:03  Viking  
  36  4:14  SCV  
  37  4:21  Command Center  
  37  4:33  Raven  
  39  4:55  Siege Tank, SCV  
  43  5:00  Marine  
  43  5:07  SCV  
  40  5:19  SCV  
  42  5:27  Siege Tank  
  44  5:31  Starport Reactor  
  44  5:41  Barracks, Stimpack  
  43  5:51  Orbital Command  
  43  5:52  SCV  
  44  5:59  Siege Tank  
  47  6:04  SCV  
  47  6:09  Marine  
  47  6:10  Barracks  
  49  6:16  SCV  
  50  6:19  SCV  
  51  6:26  Marine  
  51  6:28  SCV  
  51  6:30  Barracks Reactor  
  51  6:31  Siege Tank, SCV  
  57  6:32  Barracks  
  57  6:40  SCV  
  57  6:43  SCV  
  59  6:52  Marine  
  59  6:53  SCV  
  61  6:55  SCV  
  62  7:01  Supply Depot  
  62  7:04  Siege Tank  
  62  7:05  SCV  
  62  7:08  SCV  
  62  7:09  Marine  
  62  7:10  Medivac x2  
  62  7:14  Refinery  
  62  7:15  Refinery  
  67  7:17  SCV  
  67  7:20  Barracks Reactor, SCV, Supply Depot  
  67  7:22  Supply Depot  
  69  7:23  Marine x3  
  69  7:27  Marine  
  69  7:29  SCV  
  74  7:32  SCV  
  75  7:40  Medivac  
  75  7:41  SCV, Marine x3  
  81  7:44  SCV  
  81  7:45  Marine  
  70  7:59  Marine x3  
  70  8:00  Marine x2  
  70  8:03  Marine  
  75  8:15  Medivac  
  75  8:17  Marine  
  78  8:20  Supply Depot  
  78  8:25  Supply Depot  
  78  8:27  Supply Depot  
  78  8:33  Marine x5  
  83  8:34  Marine  
  83  8:38  Engineering Bay  
  84  8:45  Supply Depot  
  84  8:50  Medivac  
  84  8:51  Marine x5  
  84  8:52  Marine  
  84  8:54  SCV x2  
  94  9:03  Supply Depot x2  
  94  9:09  Marine x5  
  99  9:10  Marine  
  99  9:14  Missile Turret, Siege Tank  
  103  9:19  Missile Turret  
  103  9:26  Marine x5  
  103  9:28  Marine  
  109  9:37  Viking  
  111  9:43  Missile Turret  
  111  9:44  Marine x5  
  116  9:46  Siege Tank, Marine  
  120  10:02  Marine x2  
  121  10:15  Marine x4  
Show
View Real Time Build Order
Export as new Build Order

Robola Terran 

Build Orders: Cyclone Opening, MMM Bio 

Get SALT Encoding   

  12  0:00  SCV  
  13  0:12  SCV  
  14  0:17  Supply Depot  
  14  0:24  SCV  
  14  0:28  Refinery  
  15  0:38  SCV  
  16  0:48  Barracks  
  16  0:52  SCV  
  17  0:57  Refinery  
  17  1:04  SCV  
  18  1:16  SCV  
  19  1:38  Orbital Command  
  19  1:39  Reaper  
  18  1:42  Factory  
  18  1:57  Supply Depot  
  18  2:03  SCV  
  19  2:11  Reaper  
  20  2:18  SCV  
  21  2:26  Cyclone  
  24  2:30  SCV  
  25  2:42  SCV  
  26  2:44  Barracks Reactor  
  26  2:54  SCV  
  27  3:05  Command Center  
  27  3:06  SCV  
  28  3:14  Factory Tech Lab  
  28  3:15  Starport  
  27  3:21  Marine  
  27  3:22  Marine  
  29  3:37  SCV  
  29  3:40  Supply Depot  
  30  3:42  Marine  
  30  3:43  Factory Tech Lab  
  31  3:58  Barracks  
  31  4:01  Raven, Marine  
  31  4:02  SCV  
  35  4:09  Siege Tank  
  38  4:14  SCV  
  38  4:16  Supply Depot  
  39  4:23  Orbital Command  
  39  4:26  SCV  
  39  4:29  Marine  
  41  4:31  Marine  
  34  4:53  Marine  
  26  5:06  Starport Reactor  
  19  5:17  SCV x2  
  19  5:20  Stimpack  
  21  5:27  Marine  
  22  5:29  SCV x2  
  22  5:31  Marine  
  22  5:32  Marine  
  26  5:41  SCV x2  
  28  5:48  Marine  
  28  5:49  Marine  
  30  5:53  SCV x2  
  30  5:54  Medivac  
  34  6:05  SCV  
  34  6:07  Medivac, Marine x3  
  40  6:16  SCV  
  36  6:30  SCV x2  
  36  6:32  Marine x2  
  36  6:49  SCV x2  
  37  7:01  SCV  
  37  7:03  SCV  
  39  7:13  SCV  
  40  7:17  SCV  
  40  7:19  Marine x2  
  43  7:25  Engineering Bay, SCV  
  43  7:29  Supply Depot, SCV  
  45  7:34  Marine  
  46  7:50  Marine  
  46  7:53  Marine x2  
  46  7:54  Siege Tank  
  46  7:55  SCV x2  
  47  8:07  SCV  
  47  8:08  Marine  
  47  8:10  Marine  
  47  8:11  SCV, Marine  
  52  8:16  Combat Shields  
  52  8:18  Barracks  
  52  8:19  SCV  
  53  8:24  SCV  
  54  8:36  Supply Depot  
  54  8:49  Supply Depot  
  54  8:53  Missile Turret  
  54  8:58  Viking, Marine, SCV x2  
  59  9:06  Command Center  
  59  9:07  Barracks Reactor  
  59  9:10  SCV x2  
  59  9:14  Supply Depot  
  61  9:22  SCV x2  
  61  9:24  Missile Turret  
  63  9:25  Missile Turret  
  63  9:29  Marine x3  
  66  9:33  Medivac  
  66  9:34  SCV  
  66  9:36  SCV  
  70  9:43  Marine  
  70  9:44  Marine  
  72  9:46  SCV  
  72  9:47  Marine  
  72  9:52  Supply Depot  
  77  10:00  Refinery  
  76  10:08  Marine x2  
  76  10:12  Marine x2  
  76  10:13  Marine  
Tags
 
Add a new tag
Caveats
  • Supply blocks, unpowered buildings, or Contaminate may cause inaccurate times.
  • Supply counts are checked every 10 seconds.